 Dungeon Crawl Stone Soup version 0.29-a0-817-g9904bce7a6 (webtiles) character file.

Game seed: 12058290890964443858

5614 jifgo the Covert (level 10, -2/47 HPs)
             Began as a Spriggan Hunter on July 4, 2022.
             Was a Priest of Hepliaklqana.
             Slain by an anaconda simulacrum (22 damage)
             ... in an ice cave on July 6, 2022.
             The game lasted 00:24:00 (10179 turns).

jifgo the Covert (Spriggan Hunter)                 Turns: 10179, Time: 00:24:01

Health: -2/47      AC: 13    Str:  7    XL:     10   Next: 45%
Magic:  0/24       EV: 15    Int: 15    God:    Hepliaklqana [***...]
Gold:   660        SH:  0    Dex: 24    Spells: 9/9 levels left

rFire   . . .      SeeInvis +   S - +3 sling
rCold   . . .      Faith    .   (no shield)
rNeg    . . .      Spirit   +   c - +0 robe
rPois   .          Reflect  .   P - +3 hat of Pondering {ponderous, Will+ MP+10 Int+5}
rElec   .          Harm     .   (no cloak)
rCorr   .          Rampage  .   (gloves unavailable)
Will    ++...                   (boots unavailable)
Stlth   +++++.....              g - amulet of guardian spirit
HPRegen 0.15/turn               T - +4 ring of protection
MPRegen 0.19/turn               m - +4 ring of protection

@: constricted, very quick
A: reduced essence, very small, no large weapons, unfitting armour, see
invisible, speed 3
a: Renounce Religion, Recall Ancestor, Ancestor Identity, Transference


You were in an ice cave.
You worshipped Hepliaklqana.
Hepliaklqana was most pleased with you.
You visited 3 branches of the dungeon, and saw 12 of its levels.
You also visited: Ossuary and Ice Cave.

You collected 660 gold pieces.

Inventory:

Hand Weapons
 a - the +7 Throatcutter {drain, coup de grace}
   (You found it on level 4 of the Dungeon)

   A truly terrible weapon, it drains the life of any living foe it strikes.
   It may instantly kill foes which have little health.
 b - a +0 arbalest
 S - a +3 sling (weapon)
Missiles
 p - 17 poisoned darts
Armour
 c - a +0 robe (worn)
 P - the +3 hat of Pondering (worn) {ponderous, Will+ MP+10 Int+5}
   (You found it on level 8 of the Dungeon)

   Int:       It affects your intelligence (+5).
   MP:        It affects your magic capacity (+10).
   Will:      It increases your willpower.
Jewellery
 f - a +6 ring of intelligence
 g - an amulet of guardian spirit (around neck)
 m - a +4 ring of protection (right hand)
 B - a ring of willpower
 N - a ring of flight
 T - a +4 ring of protection (left hand)
Wands
 w - a wand of flame (24)
 z - a wand of polymorph (3)
 E - a wand of mindburst (7)
 M - a wand of roots (21)
 R - a wand of quicksilver (14)
Scrolls
 h - 2 scrolls of vulnerability
 i - a scroll of magic mapping
 j - 5 scrolls of teleportation {unknown}
 l - 2 scrolls of immolation
 s - 2 scrolls of enchant armour {unknown}
 t - 3 scrolls of enchant weapon {unknown}
 v - a scroll of silence {unknown}
 y - 2 scrolls of noise {unknown}
 A - 2 scrolls of fear {unknown}
 H - 2 scrolls of poison {unknown}
 J - a scroll of brand weapon {unknown}
 L - a scroll of fog {unknown}
 O - a scroll of amnesia {unknown}
 Q - a scroll of blinking {unknown}
Potions
 d - 10 potions of curing
 e - a potion of heal wounds
 k - 3 potions of haste
 o - 2 potions of resistance
 r - 6 potions of might {unknown}
 u - a potion of magic {unknown}
 x - 4 potions of attraction
 C - a potion of flight
 F - a potion of mutation {unknown}
 G - 2 potions of brilliance {unknown}
 I - 2 potions of berserk rage {unknown}
 K - a potion of cancellation


   Skills:
 + Level 6.6 Fighting
 - Level 5.3 Long Blades
 + Level 8.8 Ranged Weapons
 - Level 2.9 Dodging
 - Level 11.3 Stealth
 + Level 5.2 Invocations


You had 9 spell levels left.
You didn't know any spells.
Your spell library contained the following spells:

 Spells                   Type           Power      Damage    Failure   Level
 Summon Guardian Golem    Hex/Summ       0%         N/A       63%         3
 Orb of Destruction       Conj           0%         9d5       100%        7
 Spellforged Servitor     Conj/Summ      0%         N/A       100%        7


Dungeon Overview and Level Annotations

Branches:
Dungeon (10/15)            Temple (1/1) D:4            Lair (1/6) D:9
    Orc (0/2) D:9         Ossuary (visited)           IceCv (1/1)

Altars:
Ashenzari
Cheibriados
Dithmenos
Elyvilon
Fedhas
Gozag
Hepliaklqana
Kikubaaqudgha
Makhleb
Nemelex Xobeh
Okawaru
Qazlal
Ru
Sif Muna
Trog
Uskayaw
Wu Jian
Xom
Yredelemnul
Zin
The Shining One

Shops:
D:8 *


Innate Abilities, Weirdness & Mutations

Your life essence is reduced to manifest your ancestor. (-10% HP)
You are very small and have problems with some larger weapons.
You are too small for most types of armour.
You have supernaturally acute eyesight. (SInv)
You cover ground extremely quickly. (Speed+++)


Message History

b - a +0 arbalest;
S - a +3 sling (weapon)
You feel much better. The anaconda simulacrum bites you!
The anaconda simulacrum freezes you!!
* * * LOW HITPOINT WARNING * * *
The anaconda simulacrum constricts you.
* * * LOW HITPOINT WARNING * * *
Pringle hits the white ugly thing with a +0 flail!
The white ugly thing trunk-slaps Pringle but does no damage.
The anaconda simulacrum misses you. The anaconda simulacrum constricts you.
* * * LOW HITPOINT WARNING * * *
You feel much better.
Pringle hits the white ugly thing with a +0 flail!
The anaconda simulacrum bites you but does no damage.
The anaconda simulacrum constricts you.
Pringle blocks the white ugly thing's attack.
Unknown command.
Unknown command.
Unknown command.
Aiming: Throw Flame
Press: ? - help, Shift-Dir - straight line, f/p - anaconda simulacrum
Aim: an anaconda simulacrum (severely damaged, constricting you, 64% to hit)
The puff of flame hits the anaconda simulacrum.
The anaconda simulacrum melts!
The anaconda simulacrum is almost destroyed.
The anaconda simulacrum barely misses you.
The anaconda simulacrum constricts you.
Pringle completely misses the white ugly thing.
The white ugly thing trunk-slaps Pringle but does no damage.
The anaconda simulacrum misses you. The anaconda simulacrum constricts you.
The elephant simulacrum tramples you.
You are held in place!
The elephant simulacrum barely misses you.
Aiming: Throw Flame
Press: ? - help, Shift-Dir - straight line, f/p - anaconda simulacrum
Aim: an anaconda simulacrum (almost destroyed, constricting you, 64% to hit)
The puff of flame hits the anaconda simulacrum.
The anaconda simulacrum is almost destroyed.
The anaconda simulacrum bites you!
* * * LOW HITPOINT WARNING * * *
The anaconda simulacrum freezes you!!
You die...

#######
##..∩..##
#...@...#
#...ZZ....#
#...........#
#...........#
#.....R.....#
#......u......#
#....8...8....#
#......?......#


You could see the friendly Pringle the knight, a white ugly thing (ally target),
an anaconda simulacrum and an elephant simulacrum.

Vanquished Creatures
  A hornet (D:8)
  A shadow (D:7)
  A wyvern (D:9)
  Eustachio (D:5)
  4 yaks (D:9)
  2 steam dragons
  Menkaure (D:6)
  4 water moccasins
  3 orc warriors
  2 black bears
  A phantom (D:7)
  A kobold brigand (D:9)
  3 bullfrogs
  A gnoll sergeant (D:5)
  A necrophage (D:5)
  9 scorpions
  2 wights (D:5)
  2 water moccasin zombies (D:5)
  3 killer bees (D:8)
  A howler monkey (D:6)
  5 electric eels (D:9)
  A bullfrog zombie (D:5)
  A centaur zombie (D:5)
  A hound (D:6)
  A human zombie (D:5)
  3 orc priests
  4 jellies
  2 iguanas (D:7)
  6 orc wizards
  A polar bear simulacrum (IceCv)
  A hound zombie (D:5)
  10 mummies
  2 gnolls (D:5)
  7 adders
  6 white imps
  2 ufetubi
  2 worms
  3 dart slugs
  19 orcs
  9 endoplasms
  3 giant cockroaches
  5 goblins
  15 hobgoblins
  14 kobolds
  5 quokkas
  7 ball pythons
  5 bats
  2 frilled lizards
  2 gnoll zombies (Ossuary)
  A kobold zombie (Ossuary)
  3 orc zombies (Ossuary)
  3 rats
195 creatures vanquished.

Vanquished Creatures (collateral kills)
  A yak (D:9)
  An orc warrior (D:8)
  A black bear (D:8)
  2 killer bees (D:8)
  An electric eel (D:9)
  2 orc priests
  A mummy (Ossuary)
  7 white imps (Lair:1)
  4 orcs
  A gnoll zombie (Ossuary)
  A kobold zombie (Ossuary)
22 creatures vanquished.

Vanquished Creatures (others)
  An ancestor (D:8)
  4 plants (D:9)
5 creatures vanquished.

Grand Total: 222 creatures vanquished

Notes
Turn   | Place    | Note
-------+----------+-------------------------------------------
     0 | D:1      | jifgo the Spriggan Hunter began the quest for the Orb.
     0 | D:1      | Reached XP level 1. HP: 10/10 MP: 2/2
    87 | D:1      | Reached skill level 2 in Stealth
   114 | D:1      | Upgraded the game from 0.29-a0-802-g34511f41fd to
                  | 0.29-a0-813-g4a14ea37d6
   130 | D:1      | Reached XP level 2. HP: 6/15 MP: 3/3
   694 | D:1      | Reached XP level 3. HP: 18/18 MP: 4/4
   772 | D:1      | Reached skill level 3 in Stealth
  1284 | D:2      | Found an ancient bone altar of Kikubaaqudgha.
  2146 | D:3      | Found a faded altar of an unknown god.
  2225 | D:3      | Reached XP level 4. HP: 23/23 MP: 5/5
  2694 | D:4      | Reached skill level 4 in Stealth
  2985 | D:4      | Reached XP level 5. HP: 18/27 MP: 6/6
  3177 | D:4      | Found the +7 Throatcutter {drain, coup de grace}
  3300 | D:4      | Reached skill level 5 in Ranged Weapons
  3300 | D:4      | Reached skill level 5 in Stealth
  3542 | D:4      | Found a staircase to the Ecumenical Temple.
  3561 | Temple   | Entered the Ecumenical Temple
  3649 | Temple   | Became a worshipper of Hepliaklqana the Forgotten
  3817 | D:4      | Reached skill level 1 in Long Blades
  3817 | D:4      | Reached XP level 6. HP: 32/32 MP: 7/7
  3832 | D:5      | Entered Level 5 of the Dungeon
  4071 | D:5      | Reached skill level 6 in Stealth
  4164 | D:5      | Noticed a water moccasin
  4172 | D:5      | Killed a water moccasin
  4173 | D:5      | Reached XP level 7. HP: 22/37 MP: 5/8
  4637 | D:5      | Found a basalt altar of Yredelemnul.
  4674 | D:5      | Reached skill level 7 in Stealth
  4914 | D:5      | Reached XP level 8. HP: 39/42 MP: 9/9
  5090 | D:5      | Noticed Eustachio
  5122 | D:5      | Killed Eustachio
  5123 | D:5      | Reached skill level 8 in Stealth
  5747 | D:6      | Found a snail-covered altar of Cheibriados.
  5812 | D:6      | Reached skill level 9 in Stealth
  5812 | D:6      | Reached skill level 1 in Invocations
  5814 | D:6      | Reached skill level 5 in Fighting
  5834 | D:6      | Noticed Menkaure
  6185 | D:6      | Reached XP level 9. HP: 47/47 MP: 11/11
  6290 | D:6      | Reached * piety under Hepliaklqana
  6495 | D:6      | Killed Menkaure
  7106 | D:7      | Reached skill level 10 in Stealth
  7125 | D:7      | Found a sand-covered staircase.
  7141 | Ossuary  | Entered an ossuary
  7924 | D:8      | Upgraded the game from 0.29-a0-813-g4a14ea37d6 to
                  | 0.29-a0-817-g9904bce7a6
  7997 | D:8      | Found an opulent altar of Gozag.
  7997 | D:8      | Found Gozag's Platinum Reserve.
  8021 | D:8      | Reached ** piety under Hepliaklqana
  8191 | D:8      | Found the +3 hat of Pondering {ponderous, Will+ MP+10
                  | Int+5}
  8290 | D:8      | Found a glowing golden altar of the Shining One.
  8429 | D:8      | Remembered your ancestor Pringle as a knight
  8495 | D:8      | Reached skill level 5 in Long Blades
  8732 | D:8      | Found a stormy altar of Qazlal.
  9001 | D:9      | Reached skill level 11 in Stealth
  9001 | D:9      | Reached XP level 10. HP: 47/47 MP: 14/14
  9228 | D:9      | Found a staircase to the Orcish Mines.
  9310 | D:9      | Found a burning altar of Makhleb.
  9506 | D:9      | Found a staircase to the Lair.
  9702 | D:9      | Reached *** piety under Hepliaklqana
  9849 | D:9      | Reached skill level 5 in Invocations
 10033 | D:10     | Entered Level 10 of the Dungeon
 10033 | D:10     | Noticed a two-headed ogre
 10067 | Lair:1   | Entered Level 1 of the Lair of Beasts
 10134 | Lair:1   | Found a frozen archway.
 10168 | IceCv    | Entered an ice cave
 10168 | IceCv    | Noticed a white ugly thing
 10179 | IceCv    | Slain by an anaconda simulacrum

Illustrated notes

Levels and vault maps discovered:
D:1:      amcnicky_arrival_abandoned_market, layout_loops_ring,
          minmay_misc_feat_doors
D:2:      layout_basic, basic_altar
D:3:      layout_basic, basic_ecumenical_altar, grunt_decor_arrowhead
D:4:      layout_basic, minmay_temple_entry_glassed_door, serial_rivers,
          chequers_serial_rivers_marsh, chequers_serial_rivers_micro_b,
          chequers_serial_rivers_micro_a, chequers_serial_rivers_small_b
D:5:      minmay_inner_zag, layout_basic, lemuel_mausoleum_altar_yredelemnul,
          patterned_corridor, uniq_eustachio
D:6:      layout_basic, slow_altar_1, uniq_menkaure
D:7:      layout_loops_ring, enter_ossuary_2
D:8:      layout_cave_pods, nicolae_gozag_zags_fifth_avenue,
          nicolae_tso_swordbearing_angel, kennysheep_mini
D:9:      layout_long_grid, mainiacjoe_overflow_chevrons, lair_entry_dummy,
          orc_0_dummy, serial_bayou, serial_bayou_pond_c, serial_bayou_crossing,
          serial_bayou_lagoon_b, serial_bayou_shore_b
D:10:     old_forge, layout_irregular_city, mainiacjoe_overflow_alcove_2,
          kennysheep_generic_room_9, uniq_nergalle
Temple:   hellmonk_temple_of_storms
Lair:1:   layout_roguey, portal_ice_cave_entry_imps
IceCv:    ice_cave_statue_garden_transporter

Skill      XL: |  1  2  3  4  5  6  7  8  9 10 |
---------------+-------------------------------+-----
Stealth        | 2 3 4 5 6 7 9 11 | 11.3
Fighting       | 2 3 4 5 6 |  6.6
Ranged Weapons | 5 6 7 8 |  8.8
Long Blades    | 1 2 4 5 |  5.3
Invocations    | 1 4 5 |  5.2
Dodging        | |  2.9

Action                   |  1- 3 |  4- 6 |  7- 9 | 10-12 || total
-------------------------+-------+-------+-------+-------++-------
Melee: Long sword        |       |    16 |   110 |     3 ||   129
       Punch             |       |       |     1 |       ||     1
 Fire: Shortbow          |   130 |    57 |       |       ||   187
       Sling             |       |    43 |   224 |    46 ||   313
       Arbalest          |       |       |       |    53 ||    53
Invok: Recall Ancestor   |       |       |     5 |     1 ||     6
       Ancestor Identity |       |       |     1 |     1 ||     2
       Ancestor Life: Kn |       |       |     1 |       ||     1
Evoke: Wand              |       |       |       |     2 ||     2
  Use: Scroll            |       |       |       |     9 ||     9
       Potion            |       |       |       |     3 ||     3
 Stab: Sleeping          |       |     1 |    15 |       ||    16
       Distracted        |       |       |     1 |       ||     1
Armor: Robe              |     7 |     3 |    23 |     3 ||    36
Dodge: Dodged            |    48 |    49 |   131 |    31 ||   259

Table legend: (Time is in decaauts)
 A = Elapsed time spent in this place.
 B = Non-inter-level travel time spent in this place.
 C = Inter-level travel time spent in this place.
 D = Time resting spent in this place.
 E = Time spent auto-exploring this place.
 F = Levels seen in this place.
 G = Mean time per level.
                   A        B        C        D        E       F      G
               +--------+--------+--------+--------+--------+-----+--------+
         Total |   7840 |   7634 |    206 |   1903 |   4044 |  14 |  560.0 |
       Dungeon |   7461 |   7265 |    196 |   1887 |   3892 |  10 |  746.1 |
        Temple |     61 |     52 |      9 |      0 |     13 |   1 |   61.0 |
          Lair |     93 |     93 |      0 |     16 |      0 |   1 |   93.0 |
       Ossuary |    211 |    211 |      0 |      0 |    138 |   1 |  211.0 |
      Ice Cave |     12 |     12 |      0 |      0 |      0 |   1 |   12.0 |
               +--------+--------+--------+--------+--------+-----+--------+

Top non-repeatable levels by time:
     D:5: 1467 daAuts
     D:6: 1049 daAuts
     D:9: 922 daAuts
     D:1: 902 daAuts
     D:4: 800 daAuts
     D:8: 762 daAuts
     D:3: 566 daAuts
     D:7: 518 daAuts
     D:2: 469 daAuts
 Ossuary: 211 daAuts
  Lair:1: 93 daAuts
  Temple: 61 daAuts
   IceCv: 12 daAuts
    D:10: 1 daAuts
